 Dungeon Crawl Stone Soup version 0.30-a0-953-g5f1da4a474 (webtiles) character file.

Game seed: 896164343903791396

41 Dracologan24 the Shooter (level 3, 0/30 HPs)
             Began as a Minotaur Hunter on Mar 28, 2023.
             Slain by Sigmund
             ... wielding a +0 scythe
              (1 damage)
             ... on level 2 of the Dungeon.
             The game lasted 00:05:31 (666 turns).

Dracologan24 the Shooter (Minotaur Hunter)           Turns: 666, Time: 00:05:32

Health: 0/30       AC:  3    Str: 21    XL:     3   Next: 32%
Magic:  2/2        EV: 12    Int:  6    God:
Gold:   69         SH:  0    Dex: 15    Spells: 2/2 levels left

rFire   . . .      SeeInvis .    a - +0 shortbow
rCold   . . .      Faith    .    (shield currently unavailable)
rNeg    . . .      Spirit   .    c - +0 leather armour
rPois   .          Reflect  .    h - +0 hat
rElec   .          Rampage  .    (no cloak)
rCorr   .                        (no gloves)
Will    .....                    (no boots)
Stlth   +                        (no amulet)
HPRegen 0.25/turn                g - +6 ring of strength
MPRegen 0.08/turn                (no ring)

@: no status effects
A: horns 2, retaliatory headbutt
a: no special abilities


You were on level 2 of the Dungeon.
You visited 1 branch of the dungeon, and saw 2 of its levels.

You collected 69 gold pieces.

Inventory:

Hand Weapons
 a - a +0 shortbow (weapon)
 e - a +0 dagger
Missiles
 d - 12 stones
Armour
 c - a +0 leather armour (worn)
 f - a +0 leather armour
 h - a +0 hat (worn)
Jewellery
 g - a +6 ring of strength (left hand)
Scrolls
 b - a scroll of immolation
 i - 2 scrolls of identify {unknown}
 l - a scroll of enchant armour {unknown}
 m - a scroll of teleportation {unknown}
 n - a scroll of enchant weapon {unknown}
Potions
 j - a potion of haste {unknown}
 k - 2 potions of curing {unknown}


   Skills:
 + Level 2.6 Fighting
 + Level 5.4 Ranged Weapons
 + Level 0.2 Armour
 + Level 2.3 Dodging
 + Level 0.8 Stealth


You had 2 spell levels left.
You didn't know any spells.
Your spell library was empty.

Dungeon Overview and Level Annotations

Branches:
Dungeon (2/15)

Altars:

Annotations:
D:2 Sigmund


Innate Abilities, Weirdness & Mutations

You have a pair of horns on your head.
You reflexively headbutt those who attack you in melee.


Message History

a +0 dagger; a ball python corpse HP restored.
d - 12 stones (gained 4)
You open the door.
There is an open door here.
Found 16 gold pieces.
You now have 69 gold pieces (gained 16).
Sigmund the Dreaded comes into view.
He is wielding a +0 scythe.
Fire: a) +0 shortbow
Press: ? - help, Q - select action, (/) - cycle Shift-Dir - straight line, f - Sigmund
Aim: Sigmund, wielding a +0 scythe and wearing a +0 robe (asleep, 98% to hit)
You shoot an arrow. The arrow hits Sigmund.
Sigmund shouts!
Sigmund is lightly wounded.
Sigmund points at you and mumbles some strange words.
You are confused.
Non-targeted confused fire: a) +0 shortbow
Press: ? - help, Q - select action, (/) - cycle Dir - look around, f - activate You shoot an arrow.
You bump into the rock wall.
Sigmund hits you but does no damage.
Non-targeted confused fire: a) +0 shortbow
Press: ? - help, Q - select action, (/) - cycle Dir - look around, f - activate Look: Sigmund, wielding a +0 scythe and wearing a +0 robe (lightly wounded)
You shoot an arrow.
You bump into the rock wall.
Sigmund hits you from afar with a +0 scythe.
Sigmund barely misses you.
You feel less confused.
Sigmund hits you from afar with a +0 scythe!
Sigmund hits you with a +0 scythe!
Fire: a) +0 shortbow
Press: ? - help, Q - select action, (/) - cycle Shift-Dir - straight line, f/p - Sigmund
Aim: Sigmund, wielding a +0 scythe and wearing a +0 robe (lightly wounded, 58% to hit)
You shoot an arrow. The arrow hits Sigmund.
Sigmund is moderately wounded.
Sigmund points at you and mumbles some strange words.
The magic dart hits you!
* * * LOW HITPOINT WARNING * * *
Sigmund attacks as you move away! Sigmund hits you with a +0 scythe.
You die...

.#.#..####
........# #
#.....#.# .
##.#.....#.# ..
...........##..
.#........... .#
.........#.#####.#
.
##.#..........#.#
..#
........@.####.#.#
..# ..#.##...@#
#.#.###..# #
#....# #.#......#
#....# #.#......#
#########........#
...............#
#+#######......#
......>.....###
...####....)<..


You could see Sigmund.

Vanquished Creatures
  A dart slug (D:1)
  4 bats (D:1)
  2 endoplasms (D:1)
  A giant cockroach (D:1)
  A goblin (D:1)
  3 hobgoblins (D:1)
  5 jackals (D:1)
  3 kobolds
  3 ball pythons
  4 frilled lizards (D:1)
  12 rats (D:1)
39 creatures vanquished.

Notes
Turn   | Place    | Note
-------+----------+-------------------------------------------
     0 | D:1      | Dracologan24 the Minotaur Hunter began the quest for the
                  | Orb.
     0 | D:1      | Reached XP level 1. HP: 18/18 MP: 0/0
    78 | D:1      | Reached XP level 2. HP: 21/25 MP: 1/1
    95 | D:1      | Reached skill level 5 in Ranged Weapons
   248 | D:1      | Reached XP level 3. HP: 27/30 MP: 2/2
   655 | D:2      | Noticed Sigmund
   665 | D:2      | HP: 1/30 [Sigmund/magic dart (10)]
   666 | D:2      | Slain by Sigmund

Illustrated notes

Levels and vault maps discovered:
D:1:      onia_arrival_mini_spirals, layout_rooms, minmay_rat_gold_closets
D:2:      layout_basic, basic_ecumenical_altar, uniq_terence, uniq_sigmund

Skill      XL: |  1  2 |
---------------+-------+-----
Ranged Weapons | 5 |  5.4
Fighting       | |  2.6
Armour         | |  0.2
Dodging        | |  2.3
Stealth        | |  0.8

Action                     || total
---------------------------++-------
   Fire: Shortbow          ||    81
 Armour: Leather armour    ||    13
  Dodge: Dodged            ||    29

Table legend: (Time is in decaauts)
 A = Elapsed time spent in this place.
 B = Non-inter-level travel time spent in this place.
 C = Inter-level travel time spent in this place.
 D = Time resting spent in this place.
 E = Time spent auto-exploring this place.
 F = Levels seen in this place.
 G = Mean time per level.
                   A        B        C        D        E       F      G
               +--------+--------+--------+--------+--------+-----+--------+
         Total |    687 |    456 |    231 |      0 |    267 |   2 |  343.5 |
       Dungeon |    687 |    456 |    231 |      0 |    267 |   2 |  343.5 |
               +--------+--------+--------+--------+--------+-----+--------+

Top non-repeatable levels by time:
     D:1: 644 daAuts
     D:2: 42 daAuts
